 Dungeon Crawl Stone Soup version 0.24.0-125-gc4c63601f3 (console) character file.

Game seed: 9601262755729002937, levelgen mode: deterministic

211 Kagalorn the Skirmisher (level 5, -1/47 HPs)
             Began as a Gnoll Wanderer on Mar 5, 2020.
             Slain by an iguana (5 damage)
             ... on level 4 of the Dungeon.
             The game lasted 00:09:17 (3888 turns).

Kagalorn the Skirmisher (Gnoll Wanderer)            Turns: 3888, Time: 00:09:18

Health: -1/47      AC:  4    Str: 13    XL:     5   Next: 88%
Magic:  7/7        EV: 10    Int: 19    God:
Gold:   190        SH:  9    Dex: 12    Spells: 7/7 levels left

rFire    . . .     SeeInvis .   a - +0 hand axe
rCold    + . .     Gourm    .   e - +2 shield
rNeg     . . .     Faith    .   l - +2 robe {rC+}
rPois    .         Spirit   .   (no helmet)
rElec    .         Reflect  .   (no cloak)
rCorr    +         Harm     .   (no gloves)
MR       .....                  (no boots)
Stlth    ++........             (no amulet)
HPRegen  0.15/turn              s - ring of resist corrosion
MPRegen  0.10/turn              (no ring)

@: no status effects
A: distributed training, fangs 1, strong nose
a: no special abilities


You were on level 4 of the Dungeon.
You were very hungry.

You visited 1 branch of the dungeon, and saw 5 of its levels.

You collected 190 gold pieces.

Inventory:

Hand Weapons
 a - a +0 hand axe (weapon)
 b - a +0 hunting sling
 q - a +2 falchion of holy wrath
Missiles
 m - 58 stones (quivered)
Armour
 e - a +2 shield (worn)
 l - a +2 robe of cold resistance (worn)
Jewellery
 s - a ring of resist corrosion (left hand)
Scrolls
 c - 2 scrolls of blinking
 g - a scroll of remove curse
 h - a scroll of random uselessness {unknown}
 i - 2 scrolls of enchant armour {unknown}
 j - a scroll of enchant weapon {unknown}
 n - a scroll of magic mapping {unknown}
 o - 2 scrolls of identify {unknown}
Potions
 d - 4 potions of might {unknown}
 k - a potion of heal wounds {unknown}
 p - a potion of haste
 r - a potion of brilliance {unknown}
Comestibles
 f - 5 rations


   Skills:
 + Level 6.7 Fighting
 + Level 1.6 Short Blades
 + Level 1.6 Long Blades
 + Level 1.6 Axes
 + Level 1.6 Maces & Flails
 + Level 1.6 Polearms
 + Level 1.6 Staves
 + Level 1.6 Slings
 + Level 3.0 Bows
 + Level 1.6 Crossbows
 + Level 3.0 Throwing
 + Level 4.8 Armour
 + Level 3.0 Dodging
 + Level 1.6 Stealth
 + Level 1.6 Shields
 + Level 3.0 Unarmed Combat
 + Level 1.6 Spellcasting
 + Level 1.3 Conjurations
 + Level 1.3 Hexes
 + Level 1.3 Charms
 + Level 1.3 Summonings
 + Level 1.3 Necromancy
 + Level 1.3 Translocations
 + Level 1.3 Transmutations
 + Level 1.3 Fire Magic
 + Level 1.3 Ice Magic
 + Level 1.3 Air Magic
 + Level 1.3 Earth Magic
 + Level 1.3 Poison Magic
 + Level 1.8 Invocations
 + Level 3.0 Evocations


You had 7 spell levels left.
You didn't know any spells.
Your spell library was empty.

Dungeon Overview and Level Annotations

Branches:
Dungeon (5/15)             Temple (0/1) D:5

Altars:
Cheibriados
Zin

Annotations:
D:5 exclusion: oklob sapling


Innate Abilities, Weirdness & Mutations

Your experience applies equally to all skills.
You have very sharp teeth.
Your uncanny sense of smell can sniff out nearby items.


Message History

The iguana is heavily wounded.
The iguana bites you.
You hit the iguana.
The iguana is severely wounded.
The iguana bites you.
You completely miss the iguana.
The iguana is severely wounded.
The iguana bites you.
* * * LOW HITPOINT WARNING * * *
An adder comes into view.
The iguana bites you!
* * * LOW HITPOINT WARNING * * *
Press: ? - help, v - describe, . - travel
Here: an iguana (severely wounded)
The floor.
You aren't carrying any items that you can evoke.
You hit the iguana.
The iguana is almost dead.
The iguana bites you.
You die...

####.##..............
#..#####..#####...
#..### ##..## ###.
#....# ##..## ##
#.##.######..# #
#S##.##....#.###
#.##.##........###
#.##..#....#.#...#
#@###.............
#l# ##.....#.#.#..
#.# #.###.....### #.#
#.# #..#### #.# #.#
#.####### #.#
#.###........
#.####..##.#.#####
#.##...........###
#.##........##...#


You could see an iguana and an adder.

Vanquished Creatures
  A hound (D:4)
  An orc priest (D:4)
  An iguana (D:4)
  5 adders
  An ooze (D:2)
  3 worms
  A dart slug (D:3)
  4 leopard geckos
  8 orcs
  3 giant cockroaches
  4 hobgoblins
  7 kobolds
  A quokka (D:3)
  A ball python (D:1)
  7 bats
  2 frilled lizards
  6 goblins
  7 rats
63 creatures vanquished.

Notes
Turn   | Place    | Note
-------+----------+-------------------------------------------
     0 | D:1      | Kagalorn the Gnoll Wanderer began the quest for the Orb.
     0 | D:1      | Kagalorn set off with the following items: a +0 hand axe, a
                  | potion of haste, a scroll of blinking, a potion of
                  | lignification, a +0 robe, a ration
     0 | D:1      | Reached XP level 1. HP: 23/23 MP: 2/2
   162 | D:1      | Reached XP level 2. HP: 14/29 MP: 3/3
   680 | D:2      | Reached XP level 3. HP: 7/35 MP: 4/4
  1069 | D:2      | Reached skill level 1 in Invocations
  1405 | D:2      | Reached skill level 1 in Short Blades
  1405 | D:2      | Reached skill level 1 in Long Blades
  1405 | D:2      | Reached skill level 1 in Axes
  1405 | D:2      | Reached skill level 1 in Maces & Flails
  1405 | D:2      | Reached skill level 1 in Polearms
  1405 | D:2      | Reached skill level 1 in Staves
  1405 | D:2      | Reached skill level 1 in Slings
  1405 | D:2      | Reached skill level 1 in Crossbows
  1405 | D:2      | Reached skill level 1 in Stealth
  1405 | D:2      | Reached skill level 1 in Shields
  1405 | D:2      | Reached skill level 1 in Spellcasting
  1676 | D:3      | Reached XP level 4. HP: 16/41 MP: 6/6
  2151 | D:3      | Found a glowing silver altar of Zin.
  2197 | D:3      | Found a snail-covered altar of Cheibriados.
  2278 | D:3      | Found a faded altar of an unknown god.
  2420 | D:3      | Reached skill level 1 in Conjurations
  2420 | D:3      | Reached skill level 1 in Hexes
  2420 | D:3      | Reached skill level 1 in Charms
  2420 | D:3      | Reached skill level 1 in Summonings
  2420 | D:3      | Reached skill level 1 in Necromancy
  2420 | D:3      | Reached skill level 1 in Translocations
  2420 | D:3      | Reached skill level 1 in Transmutations
  2420 | D:3      | Reached skill level 1 in Fire Magic
  2420 | D:3      | Reached skill level 1 in Ice Magic
  2420 | D:3      | Reached skill level 1 in Air Magic
  2420 | D:3      | Reached skill level 1 in Earth Magic
  2420 | D:3      | Reached skill level 1 in Poison Magic
  2818 | D:4      | Reached XP level 5. HP: 33/47 MP: 7/7
  3864 | D:5      | Entered Level 5 of the Dungeon
  3864 | D:5      | Found a staircase to the Ecumenical Temple.
  3864 | D:5      | Noticed a centaur
  3888 | D:4      | Slain by an iguana

Levels and vault maps discovered:
D:1:      minmay_arrival_jagged, layout_basic, minivault_25,
          chequers_serial_rivers_marsh
D:2:      layout_basic, first_ration
D:3:      layout_rooms, nicolae_overflow_crystal_walls,
          chequers_ecumenical_altar_twisty, kennysheep_donut,
          grunt_ministairs_9, kennysheep_slug_shrine
D:4:      layout_rooms, serial_glass, glass_columns_a, glass_columns_a
D:5:      layout_layer_cave, tgw_fedhas, gammafunk_temple_overflow_pools,
          nicolae_ashenzari_panopticon, minmay_temple_entry_oklob

Skill      XL: |  1  2  3  4  5 |
---------------+----------------+-----
Invocations    | 1 |  1.8
Short Blades   | 1 |  1.6
Long Blades    | 1 |  1.6
Axes           | 1 |  1.6
Maces & Flails | 1 |  1.6
Polearms       | 1 |  1.6
Staves         | 1 |  1.6
Slings         | 1 |  1.6
Crossbows      | 1 |  1.6
Stealth        | 1 |  1.6
Shields        | 1 |  1.6
Spellcasting   | 1 |  1.6
Conjurations   | 1 |  1.3
Hexes          | 1 |  1.3
Charms         | 1 |  1.3
Summonings     | 1 |  1.3
Necromancy     | 1 |  1.3
Translocations | 1 |  1.3
Transmutations | 1 |  1.3
Fire Magic     | 1 |  1.3
Ice Magic      | 1 |  1.3
Air Magic      | 1 |  1.3
Earth Magic    | 1 |  1.3
Poison Magic   | 1 |  1.3
Bows           | 3 |  3.0
Throwing       | 3 |  3.0
Dodging        | 3 |  3.0
Unarmed Combat | 3 |  3.0
Evocations     | 3 |  3.0
Fighting       | |  6.7
Armour         | |  4.8

Action                   |  1- 3 |  4- 6 || total
-------------------------+-------+-------++-------
Melee: Hand axe          |   137 |   197 ||   334
       Bite              |    12 |    18 ||    30
       Punch             |     2 |       ||     2
Throw: Stone             |       |     6 ||     6
  Use: Potion            |     2 |       ||     2
       Scroll            |       |     2 ||     2
 Stab: Sleeping          |     2 |       ||     2
  Eat: Chunk             |     2 |     7 ||     9
Armor: Robe              |    20 |    20 ||    40
Dodge: Dodged            |   106 |   131 ||   237
Block: Shield            |       |    44 ||    44
